 Dungeon Crawl Stone Soup version 0.31-a0-182-gc5ef74bbde (webtiles) character file.

Game seed: 136600633241511115

44 qw the Chopper (level 3, -2/23 HPs)
             Began as a Gargoyle Fighter on June 20, 2023.
             Slain by a gnoll
             ... wielding a +0 spear
              (4 damage)
             ... on level 2 of the Dungeon.
             The game lasted 00:00:38 (1342 turns).

qw the Chopper (Gargoyle Fighter)                   Turns: 1342, Time: 00:00:39

Health: -2/23      AC: 13    Str: 21    XL:     3   Next: 60%
Magic:  3/3        EV:  7    Int:  8    God:
Gold:   121        SH:  4    Dex:  9    Spells: 2/2 levels left

rFire   . . .        Y - +0 war axe
rCold   . . .        c - +0 buckler
rNeg    + . .        e - +0 chain mail
rPois   inf          i - +0 helmet
rElec   +            (no cloak)
rCorr   .            (no gloves)
SInv    .            (no boots)
Will    .....        (no amulet) Stlth
                     (no ring)
HPRegen 0.23/turn    (no ring)
MPRegen 0.08/turn

%: no passive effects
@: no status effects
A: sickness immunity, AC +3, negative energy resistance 1, electricity
resistance, torment resistance 1, petrification resistance
a: no special abilities


You were on level 2 of the Dungeon.
You visited 1 branch of the dungeon, and saw 2 of its levels.

You collected 121 gold pieces.


Innate Abilities, Weirdness & Mutations

You are immune to sickness and miasma.
Your stone body is resilient. (AC +3)
You are immune to poison.
You resist negative energy. (rN+)
You are resistant to electric shocks. (rElec)
You are resistant to unholy torment.
You are immune to petrification.


   Skills:
 - Level 3.2 Fighting
 + Level 3.5 Axes
 - Level 3.2 Armour
 - Level 3.2 Shields


You had 2 spell levels left.
You didn't know any spells.
Your spell library was empty.

Inventory:

Hand Weapons
 f - a +0 mace
 Y - a +0 war axe (weapon)
Armour
 c - a +0 buckler (worn)
 e - a +0 chain mail (worn)
 i - a +0 helmet (worn)
Jewellery
 b - an amulet of magic regeneration
Scrolls
 a - a scroll of blinking {unknown}
 j - a scroll of amnesia {unknown}
 k - a scroll of teleportation {unknown}
Potions
 d - a potion of might
 g - a potion of curing {unknown}
 h - a potion of haste {unknown}

Dungeon Overview and Level Annotations

Branches:
Dungeon (2/15)

Altars:


Message History

The gnoll hits you from afar with a +0 spear.
You barely miss the adder. You block the adder's attack.
The adder bites you but does no damage. The gnoll barely misses you.
You slash the adder!
You kill the adder!
The gnoll hits you but does no damage.
You hit the hobgoblin.
You kill the hobgoblin!
The gnoll hits you but does no damage. The gnoll barely misses you.
The worm bites you but does no damage. The gnoll hits you but does no damage.
Things that are here:
a hobgoblin corpse; an adder corpse; a quokka corpse
Enter note:
Enter note:
Enter note:
Enter note:
Enter note:
Enter note: You barely miss the gnoll.
You hit the worm. The gnoll hits you with a +0 spear.
The worm bites you but does no damage.
You barely miss the gnoll. You hit the worm. You block the gnoll's attack.
The worm bites you!
You hit the worm.
The worm is moderately wounded.
You barely miss the gnoll.
The gnoll hits you but does no damage. x2; You block the worm's attack.
You barely miss the worm.
The worm is moderately wounded.
You closely miss the gnoll. The gnoll hits you but does no damage.
You hit the worm.
The worm is heavily wounded.
You slash the gnoll! The gnoll hits you with a +0 spear.
The worm barely misses you.
You hit the gnoll but do no damage.
The gnoll is severely wounded.
You hit the worm but do no damage. The gnoll hits you with a +0 spear.
You die...

...##
##......######.
..... #..###..#
#.
...#.###...#?#..#
#. #.......
#.##..# #.
.......#.#....#
#. #... #.##..#.#
#. #..%#.#...##.#
#.
#.###.##..###.#
#. #.g@#...## .#
#. #..w#........#
#. #[?$#........#
#. #####.#......#
#. ..#......# #.
##.####+#.# #.
#.# ... #. #.# #.
#. #.


You could see a worm and a gnoll.

Vanquished Creatures
  An adder (D:2)
  2 ball pythons
  4 endoplasms
  A giant cockroach (D:2)
  3 goblins
  5 hobgoblins
  5 kobolds
  3 quokkas
  4 bats (D:1)
  2 frilled lizards
  A rat (D:2)
31 creatures vanquished.

Notes
Turn   | Place    | Note
-------+----------+-------------------------------------------
     0 | D:1      | qw the Gargoyle Fighter began the quest for the Orb.
     0 | D:1      | Reached XP level 1. HP: 14/14 MP: 1/1
     0 | D:1      | 0 ||| qw: Version: 0.3-a-9-g12657ce
     0 | D:1      | 0 ||| qw: Game counter: 1285
     0 | D:1      | 0 ||| qw: Always use a shield: true
     0 | D:1      | 0 ||| qw: God list: Okawaru
     0 | D:1      | 0 ||| qw: Allow faded altars: false
     0 | D:1      | 0 ||| qw: Do Orc after D:15 true
     0 | D:1      | 0 ||| qw: Do second Lair branch before Depths: true
     0 | D:1      | 0 ||| qw: Lair rune preference: random
     0 | D:1      | 0 ||| qw: Plans: Normal, Zot:1-4, Slime:5, God:TSO, Crypt,
                  | Tomb, Abyss, Pan, Hells, Win
     0 | D:1      | 0 ||| PLANNING D:1-11
   187 | D:1      | Reached XP level 2. HP: 19/19 MP: 2/2
   349 | D:1      | 349 ||| Stepping ~*~*~tactically~*~*~ (stealth).
   351 | D:1      | 351 ||| Stepping ~*~*~tactically~*~*~ (hiding).
   352 | D:1      | 352 ||| Stepping ~*~*~tactically~*~*~ (hiding).
   691 | D:1      | 691 ||| UPGRADING to +0 chain mail.
   701 | D:1      | 701 ||| DROPPING +0 scale mail.
   702 | D:1      | 702 ||| UPGRADING to +0 helmet.
   707 | D:1      | 707 ||| READING scroll labelled LOLACS JEGIECW.
   708 | D:1      | 708 ||| READING scroll labelled HOSKIS MOZYHAM.
   709 | D:1      | 709 ||| READING scroll labelled JAIPNA GITOZEE.
   732 | D:2      | Reached skill level 3 in Axes
   863 | D:2      | Reached XP level 3. HP: 23/23 MP: 3/3
   927 | D:2      | 927 ||| Stepping ~*~*~tactically~*~*~ (stealth).
   928 | D:2      | 928 ||| Stepping ~*~*~tactically~*~*~ (stealth).
   929 | D:2      | 929 ||| Stepping ~*~*~tactically~*~*~ (stealth).
  1037 | D:2      | 1037 ||| Stepping ~*~*~tactically~*~*~ (stealth).
  1078 | D:2      | 1078 ||| Stepping ~*~*~tactically~*~*~ (stealth).
  1338 | D:2      | HP: 3/23 [worm (7)]
  1342 | D:2      | Slain by a gnoll

Levels and vault maps discovered:
D:1:      scummos_arrival_simple_fountains, layout_basic
D:2:      layout_basic, hangedman_decor_points, minmay_vboxes

Skill      XL: |  1  2 |
---------------+-------+-----
Axes           | 2 3 |  3.5
Fighting       | |  3.2
Armour         | |  3.2
Shields        | |  3.2

Action                     || total
---------------------------++-------
  Melee: War axe           ||    95
    Use: Scroll            ||     3
 Armour: Scale mail        ||    39
         Chain mail        ||    21
  Dodge: Dodged            ||    41
  Block: Buckler           ||    21

Table legend:
 A = Non-vault XP
 B = Vault XP
 C = Vault XP percentage of total XP
 D = Non-vault monster count
 E = Vault monster count
 F = Vault count percentage of total count
                 A         B        C        D         E       F
            +---------+---------+-------+---------+---------+-------
      Total |      57 |       6 |   9.5 |      28 |       3 |   9.7
            +---------+---------+-------+---------+---------+-------
        D:1 |      29 |       0 |   0.0 |      17 |       0 |   0.0
        D:2 |      28 |       6 |  17.6 |      11 |       3 |  21.4
            +---------+---------+-------+---------+---------+-------
